 Dungeon Crawl Stone Soup version 0.26-a0-946-g9485abf61d (webtiles) character file.

Game seed: 12203936530138610159

1512 PentaManta the Grappler (level 8, -11/75 HPs)
             Began as a Troll Monk on Nov 28, 2020.
             Killed from afar by Dowan (17 damage)
             ... with a shard of ice
             ... on level 5 of the Dungeon.
             The game lasted 00:07:16 (3939 turns).

PentaManta the Grappler (Troll Monk)                Turns: 3939, Time: 00:07:17

Health: -11/75     AC:  6    Str: 22    XL:     8   Next: 53%
Magic:  7/7        EV: 11    Int:  6    God:
Gold:   214        SH:  0    Dex: 12    Spells: 7/7 levels left

rFire    . . .     SeeInvis .     - Unarmed
rCold    . . .     Faith    .   (no shield)
rNeg     . . .     Spirit   .   a - +0 robe
rPois    .         Reflect  .   (helmet restricted)
rElec    .         Harm     .   o - scarf {+Inv}
rCorr    .         Rampage  .   (gloves unavailable)
MR       +....                  (boots unavailable)
Stlth    ++........             (no amulet)
HPRegen  0.62/turn              j - ring of protection from magic
MPRegen  0.10/turn              (no ring)

@: no status effects
A: large, unfitting armour, claws 3, regeneration 1, shaggy fur 1, tough skin 3
a: Evoke Invisibility


You were on level 5 of the Dungeon.
You visited 1 branch of the dungeon, and saw 6 of its levels.

You collected 214 gold pieces.

Inventory:

Missiles
 i - 24 poisoned darts (quivered)
Armour
 a - a +0 robe (worn)
 o - a scarf of invisibility (worn)
Jewellery
 j - a ring of protection from magic (left claw)
 q - an uncursed ring of see invisible
Wands
 u - a wand of flame (19)
Scrolls
 c - 4 scrolls of fear {unknown}
 d - 9 scrolls of identify {unknown}
 e - 2 scrolls of enchant armour {unknown}
 f - 3 scrolls of remove curse {unknown}
 g - a scroll of blinking {unknown}
 h - 2 scrolls of magic mapping {unknown}
 k - a scroll of amnesia {unknown}
 r - 2 scrolls of teleportation {unknown}
 s - a scroll of fog {unknown}
 v - 2 scrolls of random uselessness {unknown}
Potions
 b - a potion of curing
 l - 2 potions of might {unknown}
 m - a potion of heal wounds {unknown}
 n - a potion of berserk rage {unknown}
 p - a potion of flight {unknown}
 t - a potion of lignification {unknown}
 w - a potion of brilliance {unknown}
 x - a potion of attraction {unknown}


   Skills:
 + Level 3.3 Fighting
 + Level 2.0 Armour
 + Level 3.3 Dodging
 - Level 1.0 Stealth
 + Level 9.9 Unarmed Combat


You had 7 spell levels left.
You didn't know any spells.
Your spell library was empty.

Dungeon Overview and Level Annotations

Branches:
Dungeon (6/15)
 Temple: D:4-7

Altars:
Fedhas
Ru
Uskayaw
Wu Jian
The Shining One

Shops:
D:5 [

Annotations:
D:5 Dowan


Innate Abilities, Weirdness & Mutations

You are too large for most types of armour.
You have claws for hands.
Your natural rate of healing is unusually fast.
You are covered in fur. (AC +1)
You have extremely tough skin. (AC +3)


Message History

You closely miss Dowan.
Dowan is almost dead.
Dowan points at you and mumbles some strange words.
The shard of ice hits you!!
* * * LOW HITPOINT WARNING * * *
You miss Dowan.
Dowan is almost dead.
Dowan casts a spell.
Dowan blinks!
Dowan casts a spell at you. The shard of ice hits you!
* * * LOW HITPOINT WARNING * * *
Unknown command.
Okay, then.
You feel better.
Dowan gestures wildly while chanting.
Dowan blinks!
Dowan points at you and mumbles some strange words.
The shard of ice hits you!
You die...

..................#.PPP..#.......
....................###..........
.......##.....................##.
.................................
.................................
.................................
........#.....÷###.............##
.......##....)####..#......>...##
.....##......[§.@..[##...........
.##..#.....##..[).>###.....####..
..#......#.#####.)###...##.......
......#.....# ###e.....###.......
..##..##....###.#...#..# ##...###
#.#........)#.......#### #####
#.......##............#
...##..####..####.....#
.####..##.##).# #.....#


You could see Dowan (fast).

Vanquished Creatures
  Grinder (D:4)
  Menkaure (D:4)
  Duvessa (D:5)
  4 ogres
  2 centaurs
  Blork the orc (D:4)
  A bullfrog (D:5)
  A howler monkey (D:5)
  An orc priest (D:4)
  3 orc wizards (D:5)
  An iguana (D:4)
  3 worker ants (D:4)
  11 adders
  A shadow imp (D:5)
  A white imp (D:5)
  2 adder skeletons (D:4)
  2 worms
  2 dart slugs (D:2)
  2 leopard geckos
  16 orcs
  8 giant cockroaches
  5 goblins
  14 hobgoblins
  9 kobolds
  A quokka (D:4)
  14 bats
  6 frilled lizards
  6 rats
120 creatures vanquished.

Notes
Turn   | Place    | Note
-------+----------+-------------------------------------------
     0 | D:1      | PentaManta the Troll Monk began the quest for the Orb.
     0 | D:1      | Reached XP level 1. HP: 22/22 MP: 0/0
   368 | D:1      | Reached XP level 2. HP: 29/29 MP: 1/1
   776 | D:2      | Reached skill level 4 in Unarmed Combat
   845 | D:2      | Reached XP level 3. HP: 36/36 MP: 2/2
   916 | D:2      | Found a sacrificial altar of Ru.
  1285 | D:2      | Reached XP level 4. HP: 44/44 MP: 3/3
  1355 | D:2      | Found a glowing golden altar of the Shining One.
  1371 | D:2      | Reached skill level 5 in Unarmed Combat
  1592 | D:3      | Noticed a centaur
  1618 | D:3      | Killed a centaur
  1619 | D:3      | Reached skill level 6 in Unarmed Combat
  1619 | D:3      | Reached XP level 5. HP: 17/50 MP: 4/4
  2248 | D:4      | Noticed Menkaure
  2254 | D:4      | Killed Menkaure
  2255 | D:4      | Reached skill level 7 in Unarmed Combat
  2255 | D:4      | Reached XP level 6. HP: 32/59 MP: 5/5
  2490 | D:4      | Noticed Grinder
  2521 | D:4      | Killed Grinder
  2522 | D:4      | Reached skill level 8 in Unarmed Combat
  2522 | D:4      | Reached XP level 7. HP: 45/66 MP: 6/6
  2798 | D:4      | Found an ornate altar of the Wu Jian Council.
  2814 | D:4      | Noticed Blork the orc
  2837 | D:4      | Killed Blork the orc
  2838 | D:4      | Reached skill level 9 in Unarmed Combat
  3294 | D:5      | Entered Level 5 of the Dungeon
  3399 | D:5      | Reached XP level 8. HP: 43/74 MP: 7/7
  3481 | D:5      | Found a blossoming altar of Fedhas.
  3513 | D:5      | Reached skill level 1 in Armour
  3770 | D:5      | Found Fuuh's Antique Armour Shoppe.
  3775 | D:5      | Found a hide-covered altar of Uskayaw.
  3904 | D:6      | Noticed Duvessa
  3904 | D:6      | Noticed Dowan
  3929 | D:5      | Killed Duvessa
  3938 | D:5      | HP: 1/75 [Dowan/shard of ice (16)]
  3939 | D:5      | Killed from afar by Dowan

Illustrated notes

Levels and vault maps discovered:
D:1:      nzn_arrival_crosshair, layout_basic, hangedman_decor_diamond_cutter
D:2:      minmay_evil_eye, layout_basic, nicolae_ru_sacrificial_ziggurat,
          nicolae_tso_carved_into_rock
D:3:      layout_basic
D:4:      layout_basic, nicolae_overflow_hidden_temple, uniq_grinder,
          uniq_menkaure, uniq_blork_the_orc
D:5:      layout_cave_pools, lemuel_crystal_altar, serial_shops, shop,
          kennysheep_path_1, fedhas_altar_3
D:6:      layout_loops_ring, lemuel_doored_altar, kiku_gazebo_pond_becter,
          gammafunk_ghost_split, minmay_puff, uniq_duvessa

Skill      XL: |  1  2  3  4  5  6  7  8 |
---------------+-------------------------+-----
Unarmed Combat | 4 6 7 8 9 |  9.9
Armour         | 2 |  2.0
Dodging        | 3 |  3.3
Fighting       | 3 |  3.3
Stealth        | |  1.0

Action                   |  1- 3 |  4- 6 |  7- 9 || total
-------------------------+-------+-------+-------++-------
Melee: Unarmed           |   102 |   127 |   126 ||   355
       Punch             |     1 |     3 |     3 ||     7
  Use: Potion            |       |     2 |     1 ||     3
 Stab: Sleeping          |     3 |     4 |       ||     7
Armor: Robe              |    37 |    49 |    27 ||   113
Dodge: Dodged            |    63 |    63 |    64 ||   190

Table legend: (Time is in decaauts)
 A = Elapsed time spent in this place.
 B = Non-inter-level travel time spent in this place.
 C = Inter-level travel time spent in this place.
 D = Time resting spent in this place.
 E = Time spent auto-exploring this place.
 F = Levels seen in this place.
 G = Mean time per level.
                   A        B        C        D        E       F      G
               +--------+--------+--------+--------+--------+-----+--------+
         Total |   3895 |   3782 |    113 |    171 |   2900 |   6 |  649.2 |
       Dungeon |   3895 |   3782 |    113 |    171 |   2900 |   6 |  649.2 |
               +--------+--------+--------+--------+--------+-----+--------+

Top non-repeatable levels by time:
     D:4: 1097 daAuts
     D:2: 790 daAuts
     D:1: 760 daAuts
     D:5: 622 daAuts
     D:3: 613 daAuts
     D:6: 10 daAuts
